 Dungeon Crawl Stone Soup version 0.25-a0-699-g25a338df49 (webtiles) character file.

Game seed: 2764340204581101240, levelgen mode: deterministic

363325 M4edhros the End of an Era (level 22, -5/144 HPs)
             Began as an Octopode Artificer on Apr 1, 2020.
             Was the Champion of Qazlal.
             Shot with a bolt by a yaktaur (33 damage)
             ... on level 3 of the Depths on Apr 2, 2020.
             The game lasted 02:38:53 (32193 turns).

M4edhros the End of an Era (Octopode Artificer)    Turns: 32193, Time: 02:38:53

Health: -5/144     AC:  2    Str: 18    XL:     22   Next: 82%
Magic:  36/36      EV: 35    Int: 22    God:    Qazlal [******]
Gold:   928        SH: 26    Dex: 37    Spells: 12/41 levels left

rFire    + . .     SeeInvis +   H - +12 war axe of Cucenel {speed, rElec rPois Str-4 Dex+9}
rCold    + . .     Gourm    .   P - +2 shield of Resistance {rF+ rC+ MR+}
rNeg     + . .     Faith    .   I - +1 hat
rPois    +         Spirit   .   C - amulet of regeneration
rElec    +         Reflect  .   d - ring of Sukutann {rN+ SInv}
rCorr    .         Harm     .   u - +6 ring of dexterity
MR       +++..     Rnd*Tele +   x - ring of protection from magic
Stlth    +.........             h - +3 ring of dexterity
HPRegen  0.74/turn              F - ring of protection from cold
MPRegen  0.25/turn              Q - +4 ring of evasion
                                S - +6 ring of strength
                                t - ring of Niucezxi {+Inv rC- Str+2 Int+6}

@: protected from electricity, repel missiles
A: almost no armour, stealthy swim, amphibious, 8 rings, constrict 8, camouflage
1, strong 1, teleportitis 1, gelatinous body 1, MP-powered wands
}: 1/15 runes: serpentine
a: Upheaval, Elemental Force, Disaster Area, Renounce Religion, Evoke
Invisibility


You were on level 3 of the Depths.
You worshipped Qazlal.
Qazlal was exalted by your worship.
You were hungry.

You visited 8 branches of the dungeon, and saw 39 of its levels.
You visited 1 bazaar.
You also visited: Bailey, Ice Cave and Volcano.

You collected 3995 gold pieces.
You spent 3067 gold pieces at shops.

Inventory:

Hand Weapons
 j - a +4 scimitar of flaming
 n - a +3 trishula of holy wrath
 H - the +12 war axe of Cucenel (weapon) {speed, rElec rPois Str-4 Dex+9}
   (You found it on level 10 of the Dungeon)

   Attacks with this weapon are significantly faster.
   It affects your strength (-4).
   It affects your dexterity (+9).
   It insulates you from electricity.
   It protects you from poison.
Missiles
 y - 78 boomerangs (quivered)
 N - 34 poisoned darts
Armour
 I - a +1 hat (worn)
 P - the +2 shield of Resistance (worn) {rF+ rC+ MR+}
   (You took it off Donald on level 3 of the Swamp)

   It protects you from fire.
   It protects you from cold.
   It affects your resistance to hostile enchantments.
 U - the +10 tower shield of Ignorance {rN+ Int-4}
   (You found it on level 2 of the Snake Pit)

   It affects your intelligence (-4).
   It protects you from negative energy.
Jewellery
 c - an uncursed ring of protection from fire
 d - the ring of Sukutann (left tentacle) {rN+ SInv}
   (You acquired it on level 2 of the Depths)

   [ring of positive energy]

   It protects you from negative energy.
   It lets you see invisible.
 h - a +3 ring of dexterity (on tentacle)
 t - the ring of Niucezxi (on tentacle) {+Inv rC- Str+2 Int+6}
   (You bought it in a shop on level 1 of the Depths)

   [ring of strength]

   It affects your strength (+2).
   It affects your intelligence (+6).
   It makes you vulnerable to cold.
   It lets you turn invisible.
 u - a +6 ring of dexterity (right tentacle)
 x - a ring of protection from magic (on tentacle)
 C - an amulet of regeneration (around mantle)
 F - a ring of protection from cold (on tentacle)
 M - an uncursed ring of flight
 Q - a +4 ring of evasion (on tentacle)
 S - a +6 ring of strength (on tentacle)
 V - a +3 ring of protection {unknown}
Wands
 a - a wand of iceblast (7)
 g - a wand of flame (58)
 K - a wand of digging (6)
Scrolls
 e - 2 scrolls of torment
 i - 6 scrolls of teleportation
 k - 4 scrolls of enchant armour
 l - 4 scrolls of fog
 m - 3 scrolls of immolation
 q - 5 scrolls of fear
 v - 4 scrolls of blinking
 A - a scroll of remove curse
 B - 5 scrolls of identify
 E - 2 scrolls of vulnerability
 J - a scroll of silence
 Y - 2 scrolls of magic mapping
Potions
 b - 6 potions of haste
 o - 4 potions of stabbing
 p - 8 potions of curing
 r - 3 potions of might
 s - a potion of cancellation
 z - 4 potions of lignification
 G - a potion of flight
 L - 2 potions of resistance
 O - 2 potions of magic
 R - 2 potions of brilliance
 T - 2 potions of berserk rage
 W - a potion of ambrosia
 X - 2 potions of heal wounds
Miscellaneous
 w - 2 tins of tremorstones
 D - a box of beasts
Comestibles
 f - 58 rations


   Skills:
 - Level 10.4 Fighting
   Level 1.0 Short Blades
 - Level 14.7(16.0) Axes
   Level 11.2(14.3) Maces & Flails
 - Level 13.0 Dodging
 - Level 3.0 Stealth
 - Level 15.0 Shields
 - Level 10.0 Spellcasting
 + Level 7.7 Conjurations
 - Level 6.0 Translocations
 - Level 13.0 Transmutations
 - Level 4.0 Fire Magic
 - Level 5.8 Air Magic
 - Level 13.0 Earth Magic
 - Level 4.8 Poison Magic
 - Level 16.5 Invocations
 - Level 3.9 Evocations


You had 12 spell levels left.
You knew the following spells:

 Your Spells              Type           Power        Failure   Level  Hunger
a - Mephitic Cloud        Conj/Pois/Air  #####...     1%          3    None
b - Conjure Flame         Conj/Fire      #####...     1%          3    None
c - Gell's Gravitas       Tloc           #####.....   1%          3    None
d - Statue Form           Tmut/Erth      ######...    4%          6    ######.
e - Summon Lightning Spi  Summ/Air       ###.....     19%         4    ##.....
f - Leda's Liquefaction   Hex/Erth       #####.....   4%          4    ##.....
g - Freezing Cloud        Conj/Ice/Air   ####......   82%         6    ######.

Your spell library contained the following spells:

 Spells                   Type           Power        Failure   Level  Hunger
 Foxfire                  Conj/Fire      ####         1%          1    None
 Magic Dart               Conj           ####         1%          1    None
 Blink                    Tloc           N/A          1%          2    None
 Poisonous Vapours        Pois/Air       ####..       1%          2    None
 Stone Arrow              Conj/Erth      ######       1%          3    None
 Petrify                  Tmut/Erth      ######..     1%          4    ##.....
 Sticky Flame             Conj/Fire      #####...     5%          4    ##.....
 Bolt of Magma            Conj/Fire/Erth #####.....   5%          5    ####...
 Freeze                   Ice            ##..         6%          1    None
 Summon Small Mammal      Summ           ##..         6%          1    None
 Inner Flame              Hex/Fire       ###.....     8%          3    None
 Call Imp                 Summ           ##......     9%          2    None
 Slow                     Hex            ##......     9%          2    None
 Fulminant Prism          Conj/Hex       ####......   12%         4    ##.....
 Borgnjor's Vile Clutch   Necr/Erth      #####.....   12%         5    ####...
 Yara's Violent Unravell  Hex/Tmut       #####.....   12%         5    ####...
 Iron Shot                Conj/Erth      ######....   13%         6    ######.
 Fireball                 Conj/Fire      #####.....   16%         5    ####...
 Call Canine Familiar     Summ           ##......     19%         3    None
 Confusing Touch          Hex            ##......     19%         3    None
 Ozocubu's Armour         Chrm/Ice       ##......     19%         3    None
 Summon Guardian Golem    Hex/Summ       ##......     19%         3    None
 Iskenderun's Battlesphe  Conj/Chrm      ####....     34%         5    ####...
 Summon Ice Beast         Ice/Summ       ##......     52%         4    ##.....
 Starburst                Conj/Fire      #####.....   63%         6    ######.
 Metabolic Englaciation   Hex/Ice        ##........   86%         5    ####...
 Orb of Destruction       Conj           #####.....   91%         7    #######
 Ring of Flames           Chrm/Fire      ###.......   100%        7    #######
 Spellforged Servitor     Conj/Summ      ####......   100%        7    #######
 Shatter                  Erth           ######....   100%        9    #######


Dungeon Overview and Level Annotations

Branches:
Dungeon (15/15)            Temple (1/1) D:7            Lair (6/6) D:11
  Swamp (4/4) Lair:3        Snake (4/4) Lair:2        Slime (0/5) Lair:6
    Orc (2/2) D:9             Elf (0/3) Orc:2        Vaults (4/5) D:13
  Crypt (0/3) Vaults:3     Depths (3/5) D:15         Bailey (visited)
  IceCv (visited)         Volcano (visited)

Altars:
Ashenzari
Cheibriados
Elyvilon
Gozag
Hepliaklqana
Kikubaaqudgha
Nemelex Xobeh
Okawaru
Qazlal
Ru
Vehumet
Wu Jian
Xom
Yredelemnul
The Shining One

Shops:
D:5 :   D:7 (   Orc:1 *[(}%   Orc:2 *(=!   Vaults:1 (   Vaults:3 ?
Depths:1 }=}}

Portals:
Hell: Depths:1 Depths:2
Pandemonium: Depths:1

Annotations:
D:7 exclusion: ice statue
Lair:3 1 runed translucent door
Swamp:4 Lernaean hydra
Snake:2 1 runed translucent door, Xudaes's ghost, adept DrIE
Vaults:2 1 runed translucent door, Lofupn's ghost, adept SpEn


Innate Abilities, Weirdness & Mutations

You cannot wear most types of armour.
You are very stealthy in the water. (Stealth+)
You are amphibious.
You can wear up to eight rings at the same time.
You can use your tentacles to constrict eight enemies at once.
Your skin changes colour to match your surroundings (Stealth+).
Your rubbery body absorbs attacks. (AC +1, EV +1)
Your muscles are strong. (Str +2)
You are occasionally teleported next to monsters.
You expend magic power (3 MP) to strengthen your wands.


Message History

* * * LOW HITPOINT WARNING * * *
You stumble backwards!
Unknown command.
The two-headed ogre is engulfed in freezing vapours.
You block the two-headed ogre's attack.
The two-headed ogre hits you with a cursed -1 giant spiked club!!
* * * LOW HITPOINT WARNING * * *
You feel much better.
The fire dragon is engulfed in blazing flames.
The fire dragon breathes flames at you. The blast of flame hits you!
You resist.
* * * LOW HITPOINT WARNING * * *
Unknown command.
Unknown command.
The two-headed ogre is engulfed in freezing vapours.
The fire dragon is engulfed in blazing flames.
Your surroundings suddenly seem different.
You hear a shout!
You hear a chilling moan.
The yaktaur wields an arbalest.
The yaktaur shoots a bolt.
The bolt hits you!!
You die...

#.###
..........#
#.# #
....(.....#
#.#
..........#
#.#
......c...#
#.#
..........#
#.#
......○○..##
##[###
...........#
#..)..
.......@...#
#..(..
##########.#
#.....
#.....
#..i..
#..§..
#OOD..
####)°)..
......).°..
##########†


You could see a yaktaur.

Vanquished Creatures
  Mennas (Vaults:3)
  A juggernaut (Depths:1)
  A golden dragon (Depths:1)
  3 liches
  2 tentacled monstrosities
  2 titans
  2 tengu reavers
  Agnes (D:15)
  A sphinx (Vaults:4)
  Kirke (Swamp:3)
  A thorn hunter (Swamp:1)
  Roxanne (Swamp:2)
  A storm dragon (Vaults:1)
  8 nagarajas
  2 fire giants
  Donald (Swamp:3)
  7 frost giants
  An orc warlord (Vaults:4)
  12 vault wardens
  A reaper (IceCv)
  A war gargoyle (Vaults:2)
  16 very ugly things
  8 ironheart preservers
  9 stone giants
  An entropy weaver (Vaults:4)
  A deep elf annihilator (Vaults:2)
  2 deep elf demonologists
  3 spark wasps
  Snorg (Orc:1)
  6 ettins
  Josephine (D:10)
  A crystal guardian (Vaults:4)
  5 great orbs of eyes
  9 fire dragons
  10 yaktaur captains
  Fannar (D:10)
  3 rakshasas
  9 ice dragons
  8 vault guards
  3 ghost crabs
  3 spriggan air magi
  4 centaur warriors
  24 hydras
  24 anacondas
  3 shambling mangroves
  11 naga warriors
  A catoblepas (D:13)
  25 two-headed ogres
  Erica (D:10)
  4 tengu warriors
  8 ogre magi
  12 alligators
  4 death yaks
  3 deep troll earth magi
  A spriggan berserker (Depths:2)
  4 deep troll shamans
  3 deep elf knights
  6 hell knights
  17 shock serpents
  20 naga sharpshooters
  A skeletal warrior (D:12)
  3 spriggan druids (Swamp:4)
  A shadow wraith (Vaults:4)
  A fire crab (shapeshifter) (Vaults:1)
  3 glowing orange brains
  7 salamander mystics
  A golden dragon zombie (Depths:1)
  2 unseen horrors
  15 swamp dragons
  8 wizards
  A flayed ghost (Depths:2)
  A shadow demon (Depths:1)
  26 deep trolls
  4 deep elf archers
  7 naga ritualists
  A harpy (shapeshifter) (Depths:2)
  2 phantasmal warriors (Vaults:3)
  4 lindwurms (Snake:4)
  7 harpies
  12 ironbrand convokers
  6 deep elf magi
  6 necromancers
  2 wolf spiders (Vaults:4)
  20 ugly things
  10 orc knights
  12 mana vipers
  An oklob plant (Lair:1)
  A wolf spider zombie (D:13)
  9 cyclopes
  6 orc sorcerers
  5 elephants
  A black mamba (shapeshifter) (Depths:2)
  45 black mambas
  19 salamanders
  2 ice statues (IceCv)
  Maurice (D:8)
  A rust devil (Depths:1)
  9 vault sentinels
  A guardian serpent (shapeshifter) (Depths:2)
  9 guardian serpents
  2 molten gargoyles
  12 spiny frogs
  18 naga magi
  2 gargoyles
  A kobold demonologist (D:13)
  3 rime drakes
  3 komodo dragons
  An efreet (D:14)
  31 yaktaurs
  11 ice devils
  4 freezing wraiths
  A spark wasp simulacrum (Depths:1)
  A yaktaur skeleton (Depths:1)
  16 trolls
  2 jumping spiders (Vaults:4)
  A polar bear (shapeshifter) (Vaults:4)
  A queen bee (D:9)
  5 tyrant leeches
  A raiju (shapeshifter) (Vaults:3)
  12 polar bears
  5 blink frogs (Lair:3)
  8 dream sheep
  7 bog bodies
  41 slime creatures
  A meliai zombie (D:13)
  12 black bears
  A dream sheep (shapeshifter) (Vaults:1)
  16 hornets
  A raiju (Lair:6)
  3 hippogriffs
  A hippogriff (shapeshifter) (Depths:2)
  4 flying skulls (D:13)
  A redback (shapeshifter) (Vaults:3)
  10 spriggans
  4 shadows
  A ynoxinul (Depths:1)
  2 redbacks (Vaults:4)
  26 yaks
  A spriggan (shapeshifter) (Depths:2)
  A water elemental (D:14)
  3 wyverns
  5 wraiths
  A vampire (D:12)
  6 hogs (Swamp:3)
  20 humans (D:13)
  2 elf zombies (Vaults:1)
  A basilisk (Lair:5)
  A chaos spawn (Depths:1)
  2 hungry ghosts
  13 vampire mosquitoes
  18 swamp worms
  A tengu zombie (Depths:1)
  An insubstantial wisp (Swamp:2)
  Menkaure (D:5)
  4 wargs (Lair:6)
  32 nagas
  16 hell hounds (Lair:6)
  A soldier ant (D:9)
  12 water moccasins
  2 acid dragons
  A floating eye (Depths:2)
  2 human skeletons (Vaults:1)
  4 porcupines
  25 orc warriors
  14 swamp drakes
  2 ice beasts
  4 sky beasts
  An eye of draining (shapeshifter) (D:13)
  2 eyes of draining (Depths:1)
  A black bear (shapeshifter) (Vaults:4)
  21 wolves
  36 ogres
  17 boggarts
  A wolf (shapeshifter) (Vaults:1)
  16 killer bees
  7 centaurs
  11 crocodiles
  3 big kobolds
  A yaktaur zombie (Depths:1)
  19 bullfrogs
  5 scorpions
  12 wights
  5 electric eels
  3 howler monkeys
  6 lava snakes
  6 crimson imps
  3 bullfrog zombies (D:13)
  8 centaur zombies
  19 jellies
  16 orc wizards
  10 orc priests
  4 bullfrog skeletons (D:13)
  12 centaur skeletons
  2 hounds
  9 worker ants
  3 iguanas
  A hound skeleton (D:5)
  2 worker ant zombies
  11 gnolls
  2 howler monkey skeletons
  15 adders
  3 shadow imps
  6 white imps (IceCv)
  6 ufetubi (IceCv)
  2 oozes
  An adder skeleton (D:9)
  An adder zombie (D:5)
  3 worms
  A leopard gecko (D:2)
  67 orcs
  4 bats
  8 giant cockroaches
  16 goblins
  5 hobgoblins
  10 jackals
  33 kobolds
  A quokka (shapeshifter) (Depths:1)
  4 quokkas
  5 ball pythons
  3 frilled lizards
  2 leopard gecko skeletons
  2 quokka skeletons (D:5)
  A quokka zombie (D:5)
  9 rats
  8 briar patches (Swamp:1)
  A fire vortex (Lair:5)
  5 fungi
  8 plants
1572 creatures vanquished.

Vanquished Creatures (collateral kills)
  A hydra (Lair:3)
  A naga sharpshooter (Snake:1)
  An ironbrand convoker (Vaults:3)
  7 killer bees
  An orc priest (D:8)
  An orc (Vaults:3)
  A fungus (D:11)
13 creatures vanquished.

Vanquished Creatures (others)
  A hornet (D:9)
  4 insubstantial wisps (Swamp:2)
  4 porcupines (D:11)
  2 ice beasts
  A swamp drake (Swamp:2)
  A boggart (Depths:1)
  A big kobold (D:7)
  7 killer bees
  A hound (D:7)
  A hound skeleton (D:6)
  An adder (D:2)
  5 white imps (IceCv)
  3 ufetubi (IceCv)
  2 orcs
  A jackal (D:7)
  7 fungi
  19 plants
61 creatures vanquished.

Grand Total: 1646 creatures vanquished

Notes
Turn   | Place    | Note
-------+----------+-------------------------------------------
     0 | D:1      | M4edhros the Octopode Artificer began the quest for the
                  | Orb.
     0 | D:1      | Reached XP level 1. HP: 13/13 MP: 3/3
   104 | D:1      | Reached XP level 2. HP: 5/18 MP: 4/4
  1008 | D:1      | Reached XP level 3. HP: 20/23 MP: 5/5
  1147 | D:2      | Reached skill level 1 in Maces & Flails
  1358 | D:3      | Reached XP level 4. HP: 26/28 MP: 6/6
  1442 | D:3      | Found an ornate altar of the Wu Jian Council,
  1619 | D:5      | Entered Level 5 of the Dungeon
  1640 | D:5      | Found Vuca Bea's Book Emporium,
  1644 | D:5      | Noticed Menkaure
  1904 | D:5      | Reached XP level 5. HP: 22/33 MP: 7/7
  1989 | D:5      | Killed Menkaure
  1989 | D:5      | Reached XP level 6. HP: 25/38 MP: 8/8
  2021 | D:5      | Noticed a sky beast
  2181 | D:5      | Reached skill level 5 in Maces & Flails
  2285 | D:5      | Noticed a sky beast
  2338 | D:5      | Killed a sky beast
  2338 | D:5      | Reached XP level 7. HP: 27/43 MP: 9/9
  2642 | D:6      | Reached XP level 8. HP: 28/48 MP: 10/10
  3791 | D:7      | Reached skill level 10 in Maces & Flails
  3813 | D:7      | Reached XP level 9. HP: 7/53 MP: 11/11
  3951 | D:7      | Found a staircase to the Ecumenical Temple,
  3983 | Temple   | Entered the Ecumenical Temple
  4082 | Temple   | Became a worshipper of Qazlal Stormbringer
  4781 | D:5      | Bought a book of Minor Magic for 240 gold pieces
  4785 | D:5      | Learned a level 3 spell: Mephitic Cloud
  4789 | D:5      | Learned a level 3 spell: Conjure Flame
  5069 | D:7      | Noticed an ice statue
  5156 | D:8      | Reached skill level 1 in Conjurations
  5237 | D:8      | Reached * piety under Qazlal
  5298 | D:8      | Noticed Maurice
  5314 | D:8      | Killed Maurice
  5314 | D:8      | Reached skill level 1 in Air Magic
  5462 | D:7      | Found Apuidid's Antique Weapon Shoppe,
  5589 | D:7      | Reached skill level 5 in Dodging
  5726 | D:9      | Found a staircase to the Orcish Mines,
  5818 | D:9      | Noticed a hornet
  6009 | D:9      | Reached ** piety under Qazlal
  6025 | D:9      | Reached XP level 10. HP: 51/58 MP: 12/12
  6179 | D:9      | Reached skill level 5 in Conjurations
  6371 | D:9      | Found a shattered altar of Ashenzari,
  6452 | D:10     | Entered Level 10 of the Dungeon
  6577 | D:10     | Noticed Fannar
  6603 | D:10     | Killed Fannar
  6603 | D:10     | Reached skill level 1 in Fire Magic
  6603 | D:10     | Reached skill level 1 in Poison Magic
  6741 | D:10     | Got a polished war axe
  6742 | D:10     | Identified the +12 war axe of Cucenel {speed, rElec rPois
                  | Str-4 Dex+9} (You found it on level 10 of the Dungeon)
  6754 | D:10     | Noticed Josephine
  6768 | D:10     | Killed Josephine
  6768 | D:10     | Reached skill level 1 in Axes
  6768 | D:10     | Reached XP level 11. HP: 41/64 MP: 13/13
  6771 | D:10     | Noticed Erica
  6788 | D:10     | Killed Erica
  6793 | D:10     | Killed an unseen horror
  6940 | D:11     | Found a staircase to the Lair,
  6940 | D:11     | Noticed a cyclops
  6949 | D:11     | Reached *** piety under Qazlal
  7321 | D:11     | Reached skill level 5 in Air Magic
  7510 | D:11     | Killed a cyclops
  8023 | D:12     | Reached **** piety under Qazlal
  8075 | D:12     | Noticed a purple ugly thing
  8080 | D:12     | Killed a purple ugly thing
  8080 | D:12     | Reached XP level 12. HP: 74/74 MP: 14/14
  8183 | D:13     | Noticed a two-headed ogre
  8183 | D:13     | Noticed a catoblepas
  8196 | D:12     | Killed a two-headed ogre
  8196 | D:12     | Reached skill level 5 in Axes
  8343 | D:13     | Got a crystal falchion
  8375 | D:13     | You fall into a shaft and drop 2 floors!
  8375 | D:15     | Entered Level 15 of the Dungeon
  8482 | D:15     | Noticed an ogre mage
  8493 | D:15     | Killed an ogre mage
  8493 | D:15     | Reached skill level 10 in Dodging
  8504 | D:15     | Noticed a two-headed ogre
  8504 | D:15     | Noticed a two-headed ogre
  8504 | D:15     | Noticed a two-headed ogre
  8511 | D:15     | Killed a two-headed ogre
  8511 | D:15     | Reached skill level 5 in Fighting
  8514 | D:15     | Killed a two-headed ogre
  8514 | D:15     | Noticed a two-headed ogre
  8517 | D:15     | Killed a two-headed ogre
  8522 | D:15     | Killed a two-headed ogre
  8529 | D:15     | Found a staircase to the Depths,
  8768 | D:14     | Reached XP level 13. HP: 82/82 MP: 15/15
  8934 | D:14     | Found a flagged portal,
  8944 | Bailey   | Entered a bailey
  8996 | Bailey   | Reached ***** piety under Qazlal
  9156 | Bailey   | Found the +4 dagger "Morg" {pain, MR+ Int+5}
  9701 | D:13     | Identified the +6 shortbow of Gilit {vorpal, rC- Str+5}
  9943 | D:13     | Reached skill level 10 in Axes
 10134 | Lair:1   | Entered Level 1 of the Lair of Beasts
 10370 | Lair:2   | Reached XP level 14. HP: 92/92 MP: 16/16
 10416 | Lair:2   | Reached ****** piety under Qazlal
 10521 | Lair:2   | Found a staircase to the Snake Pit,
 10747 | Lair:3   | Identified the +4 trident of Scorn {protect, *Drain rC+
                  | Str+3}
 10747 | Lair:3   | Found a runed translucent door,
 10845 | Lair:3   | Reached skill level 1 in Invocations
 10961 | Lair:3   | Reached skill level 2 in Invocations
 11426 | Lair:5   | Reached skill level 3 in Invocations
 11609 | Lair:4   | Reached skill level 4 in Invocations
 11932 | Lair:5   | Reached skill level 5 in Invocations
 12149 | Lair:6   | Entered Level 6 of the Lair of Beasts
 12289 | Lair:6   | Reached skill level 6 in Invocations
 12484 | Lair:5   | Reached skill level 7 in Invocations
 12884 | Lair:6   | Reached skill level 8 in Invocations
 13230 | Lair:6   | Reached skill level 9 in Invocations
 13251 | Lair:6   | Identified the +3 falchion "Imp's Doom" {distort, +Blink
                  | rC+ Str-2 Dex+2} (You found it on level 13 of the Dungeon)
 13269 | Lair:6   | Reached XP level 15. HP: 98/99 MP: 21/21
 13343 | Lair:6   | Reached skill level 10 in Invocations
 13432 | Lair:6   | Found a staircase to the Slime Pits,
 14616 | Lair:1   | Reached skill level 11 in Invocations
 14623 | Lair:1   | Reached skill level 1 in Shields
 14718 | Orc:1    | Entered Level 1 of the Orcish Mines
 14733 | Orc:1    | Found Erphan's Food Boutique,
 14764 | Orc:1    | Found Dumn's General Store,
 14766 | Orc:1    | Found a dark tunnel,
 14782 | Orc:1    | Noticed Snorg
 14786 | Volcano  | Entered a volcano
 14896 | Volcano  | Found a burning altar of Makhleb,
 15070 | Orc:1    | Found Biloduv's Weapon Boutique,
 15072 | Orc:1    | Found Hanunig's Antique Armour Emporium,
 15100 | Orc:1    | Found a frozen archway,
 15143 | IceCv    | Entered an ice cave
 15522 | Orc:1    | Killed Snorg
 15812 | Orc:2    | Entered Level 2 of the Orcish Mines
 15818 | Orc:2    | Found Ehoureze's General Store,
 15819 | Orc:2    | Found Uwkerigo's Jewellery Boutique,
 15819 | Orc:2    | Found Taunt's Distillery,
 15824 | Orc:2    | Reached skill level 12 in Invocations
 15825 | Orc:2    | Reached skill level 5 in Shields
 15878 | Orc:2    | Found Cieggaf's Antique Weapon Emporium,
 15881 | Orc:2    | Bought a +4 ring of evasion for 540 gold pieces
 15906 | Orc:2    | Bought a potion of heal wounds for 60 gold pieces
 15906 | Orc:2    | Bought a potion of heal wounds for 60 gold pieces
 15906 | Orc:2    | Bought a potion of heal wounds for 60 gold pieces
 15906 | Orc:2    | Bought a potion of heal wounds for 60 gold pieces
 16000 | Orc:2    | Found a staircase to the Elven Halls,
 16496 | Orc:1    | Found Vogepn's Gadget Emporium,
 16517 | Orc:1    | Reached XP level 16. HP: 72/105 MP: 25/25
 16527 | Orc:1    | Reached skill level 13 in Invocations
 16663 | Orc:2    | Bought a +6 ring of strength for 877 gold pieces
 16669 | Orc:2    | Bought a potion of berserk rage for 60 gold pieces
 16669 | Orc:2    | Bought a potion of might for 48 gold pieces
 16673 | Orc:2    | Learned a level 3 spell: Gell's Gravitas
 16930 | Lair:3   | Found a staircase to the Swamp,
 16941 | Swamp:1  | Entered Level 1 of the Swamp
 17038 | Snake:1  | Entered Level 1 of the Snake Pit
 17057 | Snake:1  | Reached skill level 1 in Translocations
 17825 | Snake:1  | Reached skill level 14 in Invocations
 17999 | Snake:2  | Found the +10 tower shield of Ignorance {rN+ Int-4}
 18006 | Snake:2  | Noticed a nagaraja
 18077 | Snake:2  | Killed a nagaraja
 18104 | Snake:2  | Found a flickering gateway to a bazaar,
 18128 | Bazaar   | Entered a bazaar
 18159 | Bazaar   | Found Pipsoddy's Antique Weapon Shop,
 18196 | Bazaar   | Found Ygio's Antique Weapon Shoppe,
 18207 | Bazaar   | Found Ubyighel's Assorted Antiques,
 18274 | Bazaar   | Bought a scratched coral ring for 110 gold pieces
 18274 | Bazaar   | Bought a sedimented dark potion for 19 gold pieces
 18274 | Bazaar   | Bought a glowing dark potion for 19 gold pieces
 18274 | Bazaar   | Bought a scroll of identify for 44 gold pieces
 18274 | Bazaar   | Bought a jewelled fluorescent wand for 88 gold pieces
 18274 | Bazaar   | Bought a scroll of teleportation for 66 gold pieces
 18278 | Bazaar   | Gained mutation: You expend magic power (3 MP) to
                  | strengthen your wands. [potion of mutation]
 18278 | Bazaar   | Gained mutation: You are occasionally teleported next to
                  | monsters. [potion of mutation]
 18278 | Bazaar   | Gained mutation: Your muscles are strong. (Str +2) [potion
                  | of mutation]
 18303 | Snake:2  | Noticed a nagaraja
 18309 | Snake:2  | Killed a nagaraja
 18562 | Snake:2  | Noticed a nagaraja
 18592 | Snake:2  | Found a radiant altar of Vehumet,
 18592 | Snake:2  | Noticed a nagaraja
 18600 | Snake:2  | Noticed a nagaraja
 18626 | Snake:2  | Reached XP level 17. HP: 87/111 MP: 14/27
 18669 | Snake:2  | Found a runed translucent door,
 18670 | Snake:2  | Found a shimmering altar of Xom,
 18670 | Snake:2  | Noticed Xudaes's ghost (adept DrIE)
 18928 | Snake:3  | Reached skill level 10 in Shields
 19001 | Snake:3  | Reached skill level 5 in Translocations
 19114 | Snake:3  | Reached skill level 15 in Invocations
 19320 | Snake:4  | Entered Level 4 of the Snake Pit
 20144 | Snake:4  | Reached XP level 18. HP: 78/119 MP: 22/29
 20524 | Snake:4  | Reached skill level 16 in Invocations
 20559 | Snake:4  | Got a serpentine rune of Zot
 20908 | Swamp:1  | Reached skill level 10 in Fighting
 21640 | Swamp:3  | Upgraded the game from 0.25-a0-697-g890751e744 to
                  | 0.25-a0-699-g25a338df49
 21720 | Swamp:3  | Noticed Donald
 21765 | Swamp:2  | Noticed Roxanne
 21808 | Swamp:2  | Killed Roxanne
 22202 | Swamp:3  | Noticed Kirke
 22219 | Swamp:3  | Killed Kirke
 22329 | Swamp:3  | Killed Donald
 22329 | Swamp:3  | Reached XP level 19. HP: 127/127 MP: 26/31
 22352 | Swamp:3  | Learned a level 6 spell: Statue Form
 22385 | Swamp:4  | Entered Level 4 of the Swamp
 22677 | Swamp:4  | Reached skill level 1 in Earth Magic
 22678 | Swamp:4  | Reached skill level 1 in Transmutations
 22795 | Swamp:4  | Noticed the 27-headed Lernaean hydra
 23282 | D:13     | Identified the +5 shortbow of Articulation {speed, *Contam
                  | MR+ Int+4 Stlth+}
 23303 | D:13     | Found a gate to the Vaults,
 23464 | Vaults:1 | Entered Level 1 of the Vaults
 23700 | Vaults:1 | Found Vurghou's Weapon Boutique,
 23764 | Vaults:1 | Reached skill level 5 in Earth Magic
 23907 | Vaults:1 | Reached skill level 5 in Transmutations
 24493 | Vaults:2 | Reached XP level 20. HP: 110/133 MP: 32/32
 24704 | Vaults:3 | Noticed a lich
 24717 | Vaults:3 | Killed a lich
 25122 | Vaults:3 | Found Nucwyor's Magic Scroll Shoppe,
 25130 | Vaults:3 | Bought a scroll of teleportation for 60 gold pieces
 25130 | Vaults:3 | Bought a scroll of teleportation for 60 gold pieces
 25130 | Vaults:3 | Bought a scroll of teleportation for 60 gold pieces
 25130 | Vaults:3 | Bought a scroll of teleportation for 60 gold pieces
 25130 | Vaults:3 | Bought a scroll of fear for 70 gold pieces
 25295 | Vaults:3 | Noticed Mennas
 25317 | Vaults:3 | Killed Mennas
 25599 | Vaults:3 | Found a staircase to the Crypt,
 25858 | Vaults:4 | Reached skill level 15 in Shields
 26274 | Vaults:4 | Reached XP level 21. HP: 138/138 MP: 33/33
 26622 | Vaults:4 | Reached skill level 1 in Spellcasting
 26635 | Vaults:4 | Reached skill level 10 in Earth Magic
 26649 | Vaults:4 | Reached skill level 10 in Transmutations
 27313 | Vaults:2 | Found a runed translucent door,
 27313 | Vaults:2 | Noticed Lofupn's ghost (adept SpEn)
 28522 | D:15     | Noticed Agnes
 28535 | D:15     | Killed Agnes
 28583 | Depths:1 | Entered Level 1 of the Depths
 28583 | Depths:1 | Found Yheoni's Gadget Boutique,
 28583 | Depths:1 | Found Dohieffo's Jewellery Shoppe,
 28683 | Depths:1 | Found Eqoumef's Gadget Boutique,
 28692 | Depths:1 | Bought the ring of Niucezxi {+Inv rC- Str+2 Int+6} for 406
                  | gold pieces
 28759 | Depths:1 | Found Xufroillu's Gadget Shop,
 28774 | Depths:1 | Reached skill level 5 in Spellcasting
 29066 | Depths:1 | Found a shattered altar of Ashenzari,
 29225 | Depths:1 | Found a one-way gate leading to the halls of Pandemonium,
 29429 | Depths:1 | Found a gateway to Hell,
 29506 | Depths:2 | Noticed a juggernaut
 29928 | Depths:2 | Noticed a golden dragon
 30199 | Depths:2 | Paralysed by a floating eye for 3 turns
 30285 | Depths:1 | Killed a golden dragon
 30434 | Depths:2 | Reached XP level 22. HP: 111/144 MP: 34/34
 30698 | Depths:1 | Killed a juggernaut
 30836 | Depths:2 | Identified a scroll of acquirement
 30837 | Depths:2 | Identified the ring of Sukutann {rN+ SInv} (You acquired it
                  | on level 2 of the Depths)
 30968 | Depths:2 | Identified Zuwukuho's Collected Works on Freezing Earth
 31006 | Depths:2 | Learned a level 4 spell: Summon Lightning Spire
 31011 | Depths:2 | Learned a level 4 spell: Leda's Liquefaction
 31018 | Depths:2 | Learned a level 6 spell: Freezing Cloud
 31019 | Depths:2 | Found a basalt altar of Yredelemnul,
 31454 | Depths:2 | Identified the Compendium of Damage Dealing
 32146 | Depths:3 | Reached skill level 10 in Spellcasting
 32193 | Depths:3 | Shot with a bolt by a yaktaur

Levels and vault maps discovered:
D:1:      minmay_arrival_stone_box, layout_loops_ring, minmay_hedge_maze
D:2:      layout_loops_ring, lemuel_coloured_pillars_altar,
          small_statue_intersection, chequers_serial_rivers_micro_b,
          kennysheep_boxes
D:3:      layout_rooms, lemuel_crystal_altar
D:4:      layout_rooms, biasface_ghost_orc_armoury
D:5:      layout_loops_ring, first_ration, serial_shops,
          nicolae_shop_temple_entry_statues_fountains, supply_closet_lemuel,
          uniq_menkaure
D:6:      layout_layer_cave
D:7:      lemuel_ice_statue, layout_basic, minmay_temple_entry_glass,
          serial_shops, nicolae_shop_crystal
D:8:      layout_loops_ring, hangedman_decor_diamond_cutter, uniq_maurice
D:9:      layout_roguey [special_room_bee], grunt_temple_overflow_cloverleaf,
          lemuel_doored_altar, orc_0_dummy, serial_curves, eino_curves_04,
          eino_curves_04, hangedman_pestilent_swarm
D:10:     layout_roguey, uniq_erica, uniq_josephine, uniq_fannar
D:11:     layout_cave_pools, due_lair_maze_entry_diamond
D:12:     layout_roguey, portal_ice_cave_rime
D:13:     hangedman_screamer, layout_rooms, grunt_vaults_entry_tiered,
          minmay_variable_closet
D:14:     layout_basic, serial_bayou_lagoon_a, enter_bailey_2
D:15:     grunt_enter_depths_magical_seal, layout_cave_pods,
          hangedman_decor_clover_reticule, lemuel_tele_altar, uniq_agnes,
          uniq_louise
Temple:   regret_index_temple_generic_petals
Lair:1:   layout_cave_pods, dpeg_stationary_puzzle, uniq_gastronok
Lair:2:   layout_layer_cave, minmay_snake_entry_six_corridors, serial_bayou,
          serial_bayou_pond_a, serial_bayou_lake_a, serial_bayou_pond_e,
          serial_bayou_pond_e, serial_bayou_pond_c, serial_bayou_pond_c
Lair:3:   layout_gridlike, palyth_hydra_swamp_entry,
          ebering_ghost_funeral_grove, serial_bayou_shore_b
Lair:4:   layout_cave_pods, columned_hall_lemuel, uniq_nergalle
Lair:5:   dragon1_lemuel, layout_cave_shapes, small_statue_intersection,
          grunt_megastairs_3, lemuel_fruit_fields, lemuel_fruit_tree
Lair:6:   hangedman_lair_caniforms_friends, layout_gridlike,
          minmay_slime_entry_jelly_boxes, grunt_megastairs_1
Swamp:1:  layout_basic_swamp, evilmike_swamp_ruin_house_1, swamp_pool3
Swamp:2:  layout_falls_marsh, nicolae_swamp_triple_paths, swamp_pool1,
          nicolae_swamp_very_dense_foliage, uniq_roxanne
Swamp:3:  layout_basic_swamp, hangedman_swamp_ruin_wall, uniq_kirke, uniq_donald
Swamp:4:  swamp_old_school, layout_basic_swamp
Snake:1:  layout_layer_cave
Snake:2:  gammafunk_sealed_library, layout_cave_town, serial_shops,
          bzr_entry_gold, nicolae_shop_behind_doors, ebering_ghost_xom
Snake:3:  layout_gridlike
Snake:4:  snake_pit_salamanders_mu, layout_rooms, serial_bayou_shore_b
Orc:1:    layout_caves, nicolae_volcano_entry_two_sided,
          portal_ice_cave_entry_animals_and_master, serial_shops,
          nicolae_shop_waterfront, nicolae_shop_waterfront, shop, shop, shop,
          uniq_snorg
Orc:2:    st_orc_open, layout_caves
Vaults:1: v_alt_pattern_4, v_pattern_5, v_misc_1,
          nicolae_vaults_little_squares_3, ontoclasm_vaults_bender,
          nicolae_vaults_ring_of_whatevers, hangedman_vaults_nodes,
          v_alt_pattern_4, st_lines, vaults_room_door_ring,
          nicolae_vaults_asterisk, ontoclasm_vaults_twist, layout_vaults_ring,
          serial_shops, nicolae_shop_behind_doors
Vaults:2: ebering_vaults_ghost_inner_flame, nicolae_vaults_bisected_inception,
          ontoclasm_vaults_decontamination, nicolae_vaults_holding_cells,
          nicolae_vaults_network_quinsquares
          [nicolae_vaults_network_quincunx_subvault,
          nicolae_vaults_network_quincunx_subvault,
          nicolae_vaults_network_quincunx_subvault,
          nicolae_vaults_network_quincunx_subvault], v_misc_9,
          layout_vaults_omnigrid
Vaults:3: v_misc_13, minmay_crypt_entry_simple_walls, nicolae_vaults_asterisk,
          nicolae_vaults_what_the_h, v_rooms_5, hangedman_vaults_capsules,
          layout_vaults_chaotic_city, serial_shops, shop, uniq_mennas
Vaults:4: hangedman_vaults_restitches, v_rooms_1, dpeg_vaults_monster_row,
          vaults_room_fours, ontoclasm_vaults_tryst, v_misc_29,
          vaults_dpeg_spiral, v_misc_27, v_misc_16,
          nicolae_vaults_little_squares_5, grunt_vaults_diagonal,
          vaults_room_pool, layout_vaults_omnibox
Depths:1: layout_honeycomb, serial_shops, shop, pf_coc_iceberg,
          rand_demon_pan_entry_5, evilmike_ruin_ashenzari,
          minmay_misc_feat_more_columns, solitary_fountain,
          minmay_misc_feat_encased, minislime_mu, minmay_shop_grove
Depths:2: minmay_the_grid_octo_tiled_octocenter_mashed
          [minmay_the_grid_octo_clover_2, minmay_the_grid_octo_clover,
          minmay_the_grid_octo_vomiting_pacman, minmay_the_grid_octo_pinwheel,
          minmay_the_grid_octo_prize_ultimate_mussel_roller,
          minmay_the_grid_square_5x5_two, minmay_the_grid_square_5x5_bite,
          minmay_the_grid_square_5x5_hourglass,
          minmay_the_grid_square_5x5_gyroscope], layout_honeycomb, hell_entry,
          grunt_tough_drop
Depths:3: cheibrodos_cascadia, layout_gridlike, okawaru_ov_weapons_minmay,
          grunt_pan_entry_zigzag, grunt_hell_entry_dis_grunt,
          infiniplex_staircase_squiggle

Skill      XL: |  1  2  3  4  5  6  7  8  9 10 11 12 13 14 15 16 17 18 19 20 21 22 |
---------------+-------------------------------------------------------------------+-----
Stealth        | 2 3 |  3.0
Maces & Flails | 2 3 4 6 8 10 11 | 11.2
Dodging        | 3 5 7 8 10 12 13 | 13.0
Conjurations   | 4 6 7 |  7.7
Air Magic      | 2 4 5 |  5.8
Fire Magic     | 1 3 4 |  4.0
Poison Magic   | 2 4 |  4.8
Fighting       | 2 3 5 7 8 9 10 | 10.4
Axes           | 1 4 7 10 11 13 14 | 14.7
Invocations    | 9 12 14 15 16 | 16.5
Shields        | 6 9 11 12 13 15 | 15.0
Translocations | 4 5 6 |  6.0
Earth Magic    | 6 9 12 13 | 13.0
Transmutations | 6 9 11 13 | 13.0
Spellcasting   | 6 10 | 10.0
Short Blades   | |  1.0
Evocations     | |  3.9

Action                   |  1- 3 |  4- 6 |  7- 9 | 10-12 | 13-15 | 16-18 | 19-21 | 22-24 || total
-------------------------+-------+-------+-------+-------+-------+-------+-------+-------++-------
Melee: Short sword       |    32 |       |       |       |       |       |       |       ||    32
       Constrict         |    17 |    18 |    50 |    50 |   167 |   115 |   178 |    28 ||   623
       Tentacles         |     5 |    16 |    54 |   130 |   425 |   562 |   757 |   196 ||  2145
       Whip              |    20 |    59 |   257 |   144 |       |       |       |       ||   480
       War axe           |       |       |       |   308 |  1173 |  1265 |  1554 |   431 ||  4731
       Scimitar          |       |       |       |       |    21 |    21 |    19 |       ||    61
 Cast: Mephitic Cloud    |       |       |       |     6 |       |       |       |       ||     6
       Conjure Flame     |       |       |       |       |    17 |       |       |       ||    17
Invok: Upheaval          |       |       |       |     2 |     1 |       |     1 |       ||     4
       Elemental Force   |       |       |       |       |     1 |     3 |     4 |       ||     8
       Disaster Area     |       |       |       |       |     3 |       |     5 |     1 ||     9
Evoke: Wand              |     3 |     7 |    37 |    29 |    37 |    12 |       |       ||   125
       Box of beasts     |       |       |       |       |     1 |     1 |       |       ||     2
  Use: Potion            |       |       |     2 |     8 |     8 |     8 |     1 |     1 ||    28
       Scroll            |       |       |     8 |    12 |    13 |    10 |     9 |     5 ||    57
 Stab: Sleeping          |     3 |     5 |    16 |       |       |       |       |       ||    24
       Paralysed         |       |     1 |     6 |     2 |    11 |     4 |       |       ||    24
       Distracted        |       |       |     1 |       |       |     2 |     1 |       ||     4
       Betrayed ally     |       |       |       |     2 |       |       |       |       ||     2
       Confused          |       |       |       |     5 |       |       |     3 |       ||     8
  Eat: Chunk             |     1 |       |    11 |    11 |    23 |     8 |    16 |     6 ||    76
       Ration            |       |     1 |       |       |     1 |     4 |     3 |       ||     9
Armor: Skin              |     5 |     2 |     7 |    57 |    15 |     9 |    10 |     2 ||   107
Dodge: Dodged            |    45 |    29 |   122 |   227 |   777 |   483 |   469 |   156 ||  2308
       Deflected         |       |       |       |     3 |    18 |    33 |    15 |    10 ||    79
Block: Other             |       |       |     3 |    44 |   222 |       |       |       ||   269
       Buckler           |       |       |       |       |   162 |   164 |       |       ||   326
       Tower shield      |       |       |       |       |       |  1236 |       |       ||  1236
       Kite shield       |       |       |       |       |       |       |  1027 |   208 ||  1235
       Rpst.: Scimitar   |       |       |       |       |     6 |     6 |     2 |       ||    14

Table legend:
 A = Non-vault XP
 B = Vault XP
 C = Vault XP percentage of total XP
 D = Non-vault monster count
 E = Vault monster count
 F = Vault count percentage of total count
                 A         B        C        D         E       F
            +---------+---------+-------+---------+---------+-------
      Total |  403428 |  284885 |  41.4 |    1011 |     564 |  35.8
            +---------+---------+-------+---------+---------+-------
        D:1 |      37 |       0 |   0.0 |      21 |       0 |   0.0
        D:2 |      66 |       0 |   0.0 |      23 |       0 |   0.0
        D:3 |      54 |       0 |   0.0 |       9 |       0 |   0.0
        D:4 |       4 |       0 |   0.0 |       3 |       0 |   0.0
        D:5 |     428 |     165 |  27.8 |      25 |       1 |   3.8
        D:6 |    1103 |       0 |   0.0 |      26 |       0 |   0.0
        D:7 |     981 |       0 |   0.0 |      19 |       0 |   0.0
        D:8 |     520 |     469 |  47.4 |      14 |       1 |   6.7
        D:9 |    1159 |    1986 |  63.1 |      32 |      27 |  45.8
       D:10 |    2364 |    3426 |  59.2 |      17 |       7 |  29.2
       D:11 |    3748 |     673 |  15.2 |      36 |       6 |  14.3
       D:12 |    4512 |    1523 |  25.2 |      16 |       3 |  15.8
       D:13 |    7809 |   14039 |  64.3 |      35 |      52 |  59.8
       D:14 |    3494 |       0 |   0.0 |      18 |       0 |   0.0
       D:15 |    3602 |    8855 |  71.1 |       8 |      11 |  57.9
     Lair:1 |    2292 |     550 |  19.4 |       9 |       1 |  10.0
     Lair:2 |    2345 |     698 |  22.9 |      13 |      14 |  51.9
     Lair:3 |    4999 |    2141 |  30.0 |      16 |       5 |  23.8
     Lair:4 |    3061 |       0 |   0.0 |       9 |       0 |   0.0
     Lair:5 |   13576 |    1597 |  10.5 |      35 |       4 |  10.3
     Lair:6 |    4459 |   12032 |  73.0 |      15 |      69 |  82.1
    Swamp:1 |   15877 |       0 |   0.0 |      35 |       0 |   0.0
    Swamp:2 |   15865 |    1992 |  11.2 |      36 |       1 |   2.7
    Swamp:3 |    8364 |    5693 |  40.5 |      18 |       9 |  33.3
    Swamp:4 |   11753 |   14407 |  55.1 |      33 |      22 |  40.0
    Snake:1 |   22625 |       0 |   0.0 |      44 |       0 |   0.0
    Snake:2 |   26498 |       0 |   0.0 |      40 |       0 |   0.0
    Snake:3 |   31032 |       0 |   0.0 |      52 |       0 |   0.0
    Snake:4 |   12924 |   46294 |  78.2 |      21 |      64 |  75.3
      Orc:1 |    3647 |    3785 |  50.9 |      25 |       9 |  26.5
      Orc:2 |    1448 |   15840 |  91.6 |      23 |      37 |  61.7
   Vaults:1 |   19234 |   14990 |  43.8 |      38 |      26 |  40.6
   Vaults:2 |   34661 |   10106 |  22.6 |      48 |       8 |  14.3
   Vaults:3 |   29054 |   24447 |  45.7 |      54 |      28 |  34.1
   Vaults:4 |   21505 |   22490 |  51.1 |      24 |      27 |  52.9
   Depths:1 |   34740 |   23346 |  40.2 |      59 |      24 |  28.9
   Depths:2 |   28850 |   31642 |  52.3 |      36 |      29 |  44.6
   Depths:3 |   24738 |   11628 |  32.0 |      26 |      11 |  29.7
     Bailey |       0 |     631 | 100.0 |       0 |      32 | 100.0
      IceCv |       0 |    4775 | 100.0 |       0 |      23 | 100.0
    Volcano |       0 |    4665 | 100.0 |       0 |      13 | 100.0
            +---------+---------+-------+---------+---------+-------
